 Dungeon Sprint DCSS version 0.20.1-1-g8b1a95d (webtiles) character file.

7 potatolord6000 the Caller (level 1, -1/10 HPs)
             Began as a Deep Elf Summoner on Aug 30, 2017.
             Was an Initiate of Sif Muna.
             Slain by a river rat (6 damage)
             ... in the Dungeon (Sprint VII: "The Pits").
             The game lasted 00:02:17 (153 turns).

potatolord6000 the Caller (Deep Elf Summoner)        Turns: 153, Time: 00:02:18

Health: -1/10      AC:  2    Str:  5    XL:     1   Next: 83%
Magic:  6/7        EV: 14    Int: 19    God:    Sif Muna [......]
Gold:   0          SH:  0    Dex: 15    Spells: 7/8 levels left

rFire    . . .     SeeInvis .   p - staff of energy
rCold    . . .     Gourm    .   (no shield)
rNeg     . . .     Faith    .   a - +0 robe
rPois    .         Spirit   .   (no helmet)
rElec    .         Reflect  .   (no cloak)
rCorr    .         Harm     .   (no gloves)
MR       .....     NoTele   +   (no boots)
Stlth    ++........             (no amulet)
Regen    0.1/turn               (no ring)
MPRegen  0.1/turn               (no ring)

@: no status effects
A: no striking features
a: Renounce Religion


You were in the Dungeon.
You worshipped Sif Muna.
Sif Muna was noncommittal.
You were not hungry.

You visited 1 branch

Inventory:

Armour
 a - a +0 robe (worn)
Magical Staves
 p - an uncursed staff of energy (weapon)
Scrolls
 i - a scroll of blinking
 k - 3 scrolls of remove curse
 l - 5 scrolls of amnesia
 m - a scroll of summoning
Potions
 e - a potion of heal wounds
 f - a potion of haste
 g - 4 potions of magic
 h - 3 potions of berserk rage
 j - 2 potions of invisibility
Books
 b - a book of Callings

   Spells                             Type                      Level
   a - Summon Small Mammal            Summoning                    1
   b - Call Imp                       Summoning                    2
   c - Call Canine Familiar           Summoning                    3
   d - Summon Guardian Golem          Hexes/Summoning              3
   e - Summon Lightning Spire         Summoning/Air                4
   f - Summon Ice Beast               Ice/Summoning                4
Comestibles
 c - 8 bread rations
 n - 40 fruits
 o - 7 meat rations


   Skills:
 + Level 0.0 Fighting
   Level 0.0 Long Blades
 + Level 0.2 Staves
 + Level 3.6 Dodging
 - Level 2.4 Stealth
 + Level 4.1 Spellcasting
 + Level 4.9 Summonings


You had 7 spell levels left.
You knew the following spells:

 Your Spells              Type           Power        Failure   Level  Hunger
a - Summon Small Mammal   Summ           ###.         1%          1    None


Dungeon Overview and Level Annotations

Branches:
Dungeon (1/1)

Altars:
Ashenzari
Cheibriados
Dithmenos
Elyvilon
Fedhas
Gozag
Hepliaklqana
Kikubaaqudgha
Makhleb
Nemelex Xobeh
Okawaru
Qazlal
Ru
Sif Muna
Trog
Uskayaw
Vehumet
Xom
Yredelemnul
Zin
The Shining One
Beogh
Jiyva
Lugonu


Message History

The river rat closely misses your quokka.
Your quokka bites the river rat.
Your quokka bites the river rat but does no damage.
Your quokka disappears in a puff of smoke!
The river rat bites your quokka.
Your quokka dies!
Your quokka's corpse disappears in a puff of smoke!
The river rat completely misses you.
You barely miss the river rat.
The river rat is almost dead.
The river rat barely misses you.
You hit the river rat but do no damage.
The river rat is almost dead.
The river rat closely misses you. The river rat bites you.
Ouch! That really hurt!
You closely miss the river rat.
The river rat is almost dead.
The river rat bites you.
Ouch! That really hurt!
You die...

__.____...###########++
##########'##...........
#.?).')))'.##......#..#.
##########.##...........
#...........')..........
#+#####†#####......#..#.
#...'.##...........
#...#.#####'#####++
#####@##.......#
+..r#r##.......#
+.r.'r##.......#
########...<...#
#.......# #.......#
#.......# #########


You could see a river rat and a rat.

Vanquished Creatures (collateral kills)
  A gnoll (D)
  A bat skeleton (D)
  A frilled lizard (D)
3 creatures vanquished.

Notes
Turn   | Place    | Note
-------+----------+-------------------------------------------
     0 | D        | potatolord6000 the Deep Elf Summoner began the quest for the Orb.
     0 | D        | Reached XP level 1. HP: 10/10 MP: 6/6
    34 | D        | Found a bloodstained altar of Trog.
    34 | D        | Found a deep blue altar of Sif Muna.
    34 | D        | Found a viscous altar of Jiyva.
    34 | D        | Found a hazy altar of Hepliaklqana.
    34 | D        | Found an opulent altar of Gozag.
    67 | D        | Found a glowing golden altar of the Shining One.
    67 | D        | Found a glowing silver altar of Zin.
    67 | D        | Found a basalt altar of Yredelemnul.
    67 | D        | Found a shimmering altar of Xom.
    67 | D        | Found a sacrificial altar of Ru.
    67 | D        | Found a stormy altar of Qazlal.
    67 | D        | Found an iron altar of Okawaru.
    67 | D        | Found a sparkling altar of Nemelex Xobeh.
    67 | D        | Found a burning altar of Makhleb.
    67 | D        | Found a blossoming altar of Fedhas.
    67 | D        | Found a white marble altar of Elyvilon.
    67 | D        | Found a shadowy altar of Dithmenos.
    67 | D        | Found a snail-covered altar of Cheibriados.
    70 | D        | Found a corrupted altar of Lugonu.
    70 | D        | Found a radiant altar of Vehumet.
    70 | D        | Found a roughly hewn altar of Beogh.
    71 | D        | Found an ancient bone altar of Kikubaaqudgha.
    71 | D        | Found a hide-covered altar of Uskayaw.
    71 | D        | Found a shattered altar of Ashenzari.
    72 | D        | Became a worshipper of Sif Muna the Loreminder
   153 | D        | Slain by a river rat

Skill      XL: |  1 |
---------------+----+-----
Dodging        | 3 |  3.6
Spellcasting   | 4 |  4.1
Staves         | |  0.2
Stealth        | |  2.4
Summonings     | |  4.9

Action                   || total
-------------------------++-------
Melee: Staff             ||     3
 Cast: Summon Small Mamm ||    12
Evoke: Staff of energy   ||     1
  Use: Potion            ||     1
Armor: Robe              ||     1
Dodge: Dodged            ||     5
